 Dungeon Crawl Stone Soup version 0.27.1-4-g1640c2035a (webtiles) character file.

Game seed: 15924738035611915743

3087 pkoi the Blocker (level 9, -1/75 HPs)
             Began as a Minotaur Fighter on Nov 10, 2021.
             Was an Elder of Okawaru.
             Slain by a troll (11 damage)
             ... on level 6 of the Dungeon.
             The game lasted 00:07:19 (6828 turns).

pkoi the Blocker (Minotaur Fighter)                 Turns: 6828, Time: 00:07:20

Health: -1/75      AC:  8    Str: 23    XL:     9   Next: 59%
Magic:  10/10      EV:  8    Int:  5    God:    Okawaru [****..]
Gold:   185        SH: 13    Dex: 11    Spells: 8/8 levels left

rFire    + + .     SeeInvis .   a - +1 flail (elec)
rCold    . . .     Faith    .   c - +1 kite shield
rNeg     . . .     Spirit   .   b - +0 scale mail
rPois    .         Reflect  .   (helmet restricted)
rElec    .         Harm     .   (no cloak)
rCorr    .         Rampage  .   g - +0 pair of gloves
Will     .....                  (no boots)
Stlth    ..........             (no amulet)
HPRegen  0.22/turn              v - ring of protection from fire
MPRegen  0.12/turn              y - ring of protection from fire

@: no status effects
A: horns 2, retaliatory headbutt
a: Renounce Religion, Heroism


You were on level 6 of the Dungeon.
You worshipped Okawaru.
Okawaru was greatly pleased with you.
You visited 2 branches of the dungeon, and saw 7 of its levels.

You collected 251 gold pieces.
You spent 66 gold pieces at shops.

Inventory:

Hand Weapons
 a - a +1 flail of electrocution (weapon)
 h - a +0 whip of freezing
Missiles
 e - 5 silver boomerangs
 i - a throwing net (quivered)
 t - 2 poisoned darts
Armour
 b - a +0 scale mail (worn)
 c - a +1 kite shield (worn)
 g - a +0 pair of gloves (worn)
Jewellery
 v - a ring of protection from fire (left hand)
 y - a ring of protection from fire (right hand)
Wands
 n - a wand of acid (5)
 q - a wand of paralysis (8)
 z - a wand of flame (2)
Scrolls
 l - a scroll of fear
 o - a scroll of amnesia
 p - 2 scrolls of enchant weapon
 r - a scroll of enchant armour
Potions
 d - 2 potions of might
 f - 4 potions of curing
 j - a potion of attraction
 k - a potion of cancellation
 m - 2 potions of resistance
 s - 2 potions of lignification
 w - 2 potions of flight
 x - a potion of mutation
 A - a potion of brilliance {unknown}


   Skills:
 + Level 6.0 Fighting
 * Level 9.3 Maces & Flails
 + Level 3.7 Throwing
 + Level 6.1 Armour
 * Level 9.7 Shields
 + Level 3.9 Invocations


You had 8 spell levels left.
You didn't know any spells.
Your spell library contained the following spells:

 Spells                   Type           Power      Damage    Failure   Level
 Beastly Appendage        Tmut           0%         N/A       94%         1
 Corpse Rot               Necr/Air       N/A        N/A       98%         2
 Poisonous Vapours        Pois/Air       0%         N/A       98%         2
 Slow                     Hex            0%         N/A       98%         2
 Wereblood                Tmut           0%         N/A       98%         2
 Confusing Touch          Hex            0%         N/A       100%        3
 Spider Form              Tmut/Pois      0%         N/A       100%        3
 Freezing Cloud           Conj/Ice/Air   0%         6-21      100%        5
 Yara's Violent Unravell  Hex/Tmut       0%         3d3       100%        5


Dungeon Overview and Level Annotations

Branches:
Dungeon (6/15)             Temple (1/1) D:4

Altars:
Ashenzari
Cheibriados
Dithmenos
Elyvilon
Fedhas
Gozag
Hepliaklqana
Makhleb
Nemelex Xobeh
Okawaru
Qazlal
Xom
Yredelemnul
The Shining One

Shops:
D:5 ?   D:6 :


Innate Abilities, Weirdness & Mutations

You have a pair of horns on your head.
You reflexively headbutt those who attack you in melee.


Message History

The gnoll shaman calls upon its god to speed up the gnoll sergeant.
The gnoll sergeant seems to speed up.
You hear a shout!
Things that are here:
a +0 short sword; a +0 ring mail
Items here: $ ) [ †.
Your surroundings suddenly seem different.
An orc wizard comes into view. It is wielding a +0 dagger.
The orc wizard casts a spell at you. The magic dart hits you.
* * * LOW HITPOINT WARNING * * *
A troll comes into view.
The troll shouts!
The orc wizard casts a spell at you. You block the puff of flame.
You hit the orc wizard but do no damage.
Your headbutt misses the orc wizard. You block the orc wizard's attack.
You sock the orc wizard!
Lightning courses through the orc wizard!
You kill the orc wizard!
Okawaru accepts your kill.
A hound comes into view.
Things that are here:
a +0 dagger; a +0 robe You barely miss the troll.
You block the troll's attack. x2
The troll claws you.
* * * LOW HITPOINT WARNING * * *
The hound stops to sniff the ground.
You barely miss the troll. You block the troll's attack.
The troll barely misses you. x2
The hound pauses to sniff the ground.
You closely miss the troll. The troll bites you but does no damage.
The troll claws you!
* * * LOW HITPOINT WARNING * * *
You block the troll's attack. You block the hound's attack.
You hit the troll but do no damage. You block the troll's attack.
The troll claws you!
* * * LOW HITPOINT WARNING * * *
The troll claws you!
You die...

####### #.....#
#.....# #.....#
#.....#
#.....##
###.#@.# #.h#T#
#####..'∩'.
.#......#'##..#
###
#...##.....# .#
#..
...#..#..#.#.>#
#.#
#............#
#######<.
.#.#..#..†....#
#.....(.#
#........#.##.#
#.####..#


You could see a troll and a hound.

Vanquished Creatures
  A cyclops (D:6)
  A warg (D:6)
  An orc warrior (D:6)
  2 necrophages
  2 black bears (D:6)
  2 sky beasts
  4 ogres
  3 phantoms
  A kobold brigand (D:6)
  A scorpion (D:4)
  A wyvern skeleton (D:4)
  2 howler monkeys (D:6)
  2 bullfrog zombies (D:5)
  2 centaur skeletons
  9 hounds
  5 orc priests
  A bullfrog skeleton (D:4)
  3 gnoll shamans
  An iron imp (D:5)
  4 iguanas
  4 orc wizards
  A scorpion zombie (D:5)
  A hound skeleton (D:5)
  4 gnolls
  7 adders
  A white imp (D:5)
  2 adder skeletons (D:4)
  4 worms
  3 dart slugs
  17 orcs
  7 endoplasms
  4 giant cockroaches
  7 hobgoblins
  5 jackals
  8 kobolds
  2 quokkas (D:2)
  8 ball pythons
  6 bats
  4 frilled lizards
  8 goblins
  10 rats
161 creatures vanquished.

Vanquished Creatures (others)
  An orc wizard (D:6)
  3 plants (D:6)
4 creatures vanquished.

Grand Total: 165 creatures vanquished

Notes
Turn   | Place    | Note
-------+----------+-------------------------------------------
     0 | D:1      | pkoi the Minotaur Fighter began the quest for the Orb.
     0 | D:1      | Reached XP level 1. HP: 19/19 MP: 0/0
     6 | D:1      | Noticed a basilisk
     6 | D:1      | Noticed a servant of whispers
     7 | D:1      | Noticed an ettin
   172 | D:1      | Reached XP level 2. HP: 20/26 MP: 1/1
   606 | D:1      | Reached XP level 3. HP: 31/31 MP: 2/2
  1483 | D:2      | Reached XP level 4. HP: 36/39 MP: 3/3
  1823 | D:2      | Reached skill level 5 in Shields
  2110 | D:3      | Noticed an ogre
  2124 | D:2      | Killed an ogre
  2125 | D:2      | Reached skill level 5 in Maces & Flails
  2125 | D:2      | Reached XP level 5. HP: 19/45 MP: 4/4
  3033 | D:4      | Reached XP level 6. HP: 38/51 MP: 5/5
  3281 | D:4      | Found a staircase to the Ecumenical Temple.
  3300 | Temple   | Entered the Ecumenical Temple
  3397 | Temple   | Became a worshipper of Warmaster Okawaru
  3531 | D:4      | Reached skill level 1 in Invocations
  3829 | D:4      | Reached XP level 7. HP: 57/58 MP: 6/6
  3889 | D:4      | Found a stormy altar of Qazlal.
  3927 | D:4      | Found a blossoming altar of Fedhas.
  4200 | D:4      | Reached skill level 1 in Throwing
  4428 | D:5      | Entered Level 5 of the Dungeon
  4436 | D:5      | Reached * piety under Okawaru
  4642 | D:5      | Found Systeplu's Magic Scroll Boutique.
  5120 | D:5      | Reached ** piety under Okawaru
  5121 | D:5      | Reached XP level 8. HP: 58/67 MP: 8/8
  5223 | D:5      | Found a snail-covered altar of Cheibriados.
  5618 | D:5      | Reached skill level 5 in Fighting
  5928 | D:6      | Noticed a cyclops
  5935 | D:6      | Killed a cyclops
  5936 | D:6      | Reached skill level 5 in Armour
  5938 | D:6      | Reached *** piety under Okawaru
  5981 | D:6      | Reached XP level 9. HP: 47/74 MP: 10/10
  6175 | D:6      | Found Umywuvub's Book Shop.
  6198 | D:5      | Bought a scroll of fear for 42 gold pieces
  6198 | D:5      | Bought a scroll of identify for 24 gold pieces
  6808 | D:6      | Reached **** piety under Okawaru
  6820 | D:6      | Noticed a troll
  6828 | D:6      | Slain by a troll

Illustrated notes

Levels and vault maps discovered:
D:1:      onia_arrival_zoo_common, layout_loops_ring,
          chequers_serial_rivers_micro_a, hangedman_feature_mirror
D:2:      layout_basic
D:3:      layout_basic
D:4:      layout_cave_pods, general_overflow_altar,
          mainiacjoe_overflow_boulevard, minmay_temple_entry_sparse_star,
          serial_glass, glass_columns_a, glass_columns_b, feat_on_display
D:5:      layout_cave_pools, slow_altar_2, serial_shops, nicolae_take_the_stairs
D:6:      lemuel_castle_with_subvaults [lemuel_castle_interior_original],
          layout_loops_cross, serial_shops, nicolae_shop_behind_doors,
          grunt_decor_fettered, nrook_pool_corridor, uniq_pikel
Temple:   jpeg_temple_clearing

Skill      XL: |  1  2  3  4  5  6  7  8  9 |
---------------+----------------------------+-----
Shields        | 4 5 6 7 8 9 |  9.7
Maces & Flails | 3 4 5 6 7 8 9 |  9.3
Invocations    | 1 2 3 |  3.9
Throwing       | 1 3 |  3.7
Fighting       | 4 5 6 |  6.0
Armour         | 4 5 6 |  6.1

Action                   |  1- 3 |  4- 6 |  7- 9 || total
-------------------------+-------+-------+-------++-------
Melee: Flail             |    32 |   112 |   234 ||   378
       Headbutt          |    12 |    21 |    44 ||    77
       Whip              |    72 |    16 |       ||    88
  Use: Scroll            |       |     7 |    10 ||    17
Armor: Scale mail        |    51 |    66 |   105 ||   222
Dodge: Dodged            |    18 |    33 |    62 ||   113
Block: Kite shield       |    49 |    80 |   166 ||   295
